Map: [ESL] Alcyone

Players

Serral - Winner!

  • Race: Zerg Zerg
  • Spawn Location: 1:00

ByuN

  • Race: Terran Terran
  • Spawn Location: 7:00

Event: ESL SC2 Masters 2023 Winter (Finals)

VOD

Have the link to the VOD?

Description

Time

  • Played on: Dec. 15, 2023, 5:36 p.m.
  • Length: 17:39

All games in this series

Show
View Real Time Build Order
Export as new Build Order

Serral Zerg - Winner!

Build Orders: Hatch First 

Get SALT Encoding   

  12  0:00  Drone  
  13  0:12  Overlord  
  13  0:16  Drone  
  14  0:30  Drone x2  
  16  0:47  Hatchery  
  15  0:51  Drone  
  15  0:54  Drone  
  17  0:58  Drone  
  18  1:05  Extractor  
  17  1:13  Spawning Pool  
  17  1:17  Drone  
  17  1:19  Drone  
  18  1:28  Drone  
  19  1:38  Drone  
  20  1:49  Drone  
  21  2:00  Queen x2  
  21  2:01  Zergling x4  
  27  2:05  Metabolic Boost  
  27  2:10  Overlord  
  27  2:12  Drone  
  28  2:27  Hatchery  
  28  2:30  Drone  
  28  2:32  Drone  
  28  2:35  Drone  
  31  2:37  Drone  
  31  2:44  Queen  
  31  2:49  Overlord  
  33  2:51  Drone  
  33  2:54  Drone  
  33  2:56  Drone  
  36  3:04  Overlord  
  36  3:09  Drone x3  
  36  3:11  Drone  
  40  3:14  Queen  
  40  3:16  Drone  
  40  3:19  Drone  
  44  3:23  Queen  
  44  3:26  Drone  
  47  3:30  Drone  
  48  3:39  Overlord  
  48  3:40  Zergling x2, Queen  
  51  3:42  Drone  
  51  3:43  Zergling x2  
  51  3:44  Overlord  
  51  3:48  Drone  
  54  3:50  Drone x2  
  54  3:54  Drone x2  
  58  3:56  Overlord  
  58  3:59  Zergling x2  
  58  4:01  Drone  
  60  4:05  Drone  
  60  4:06  Queen  
  63  4:10  Drone  
  63  4:14  Drone x2  
  66  4:17  Drone x2  
  66  4:18  Roach Warren  
  66  4:21  Zergling x2  
  68  4:24  Overlord  
  68  4:25  Drone  
  68  4:27  Spore Crawler x2  
  68  4:31  Spore Crawler  
  65  4:33  Lair  
  65  4:35  Drone x2  
  65  4:37  Drone  
  65  4:38  Drone  
  69  4:42  Drone x2, Extractor  
  70  4:46  Overlord  
  70  4:47  Zergling x4  
  70  4:50  Zergling x2  
  73  4:54  Extractor  
  73  4:59  Roach x4  
  80  5:01  Overlord  
  80  5:02  Drone  
  80  5:04  Overlord  
  80  5:05  Drone  
  82  5:08  Drone  
  83  5:14  Hatchery  
  83  5:15  Drone x2  
  83  5:16  Drone  
  83  5:18  Drone  
  83  5:19  Drone  
  83  5:20  Drone  
  88  5:23  Drone x2  
  90  5:31  Overseer  
  90  5:34  Drone x5  
  90  5:35  Evolution Chamber x2  
  94  5:37  Glial Reconstitution  
  94  5:38  Extractor  
  94  5:39  Drone x2  
  94  5:43  Drone x2  
  94  5:47  Roach  
  94  5:49  Drone x4  
  102  5:52  Drone, Extractor x2  
  102  5:56  Drone, Infestation Pit  
  101  5:58  Overseer, Overlord  
  101  5:59  Roach  
  103  6:04  Zerg Missile Weapons Level 1  
  103  6:08  Drone x3  
  106  6:13  Overlord  
  106  6:15  Overlord  
  106  6:18  Drone x3  
  109  6:21  Zerg Ground Armor Level 1  
  109  6:23  Roach  
  109  6:24  Roach  
  113  6:26  Baneling Nest, Overlord x2  
  113  6:30  Roach x2  
  116  6:37  Hive, Roach x2  
  120  6:43  Roach x3  
  126  6:47  Drone x6  
  126  6:48  Drone  
  126  6:50  Drone  
  126  6:51  Drone x2  
  136  6:54  Overlord  
  136  6:55  Drone x3  
  136  6:58  Extractor, Roach  
  136  6:59  Roach  
  142  7:04  Overlord  
  142  7:06  Queen  
  144  7:10  Roach x4  
  144  7:14  Overseer, Overlord  
  152  7:16  Ravager x3  
  152  7:18  Centrifugal Hooks  
  152  7:22  Zergling x6  
  158  7:25  Zergling x10  
  163  7:32  Drone  
  163  7:33  Zergling x14  
  163  7:34  Evolution Chamber  
  170  7:37  Baneling x7  
  170  7:38  Baneling  
  170  7:42  Hatchery  
  169  7:44  Zergling x14  
  176  7:51  Overlord x3  
  176  7:52  Adrenal Glands  
  176  7:56  Overlord  
  176  8:01  Pneumatized Carapace  
  176  8:10  Viper x2  
  176  8:11  Zerg Missile Weapons Level 2  
  183  8:12  Zergling x2  
  183  8:13  Zergling x18  
  183  8:19  Zerg Ground Armor Level 2  
  192  8:21  Drone  
  192  8:23  Spore Crawler  
  192  8:26  Zerg Melee Weapons Level 1  
  192  8:27  Zergling x16  
  192  8:33  Baneling  
  192  8:34  Baneling x7  
  197  8:38  Zergling x2  
  197  8:39  Zergling x4  
  200  8:48  Overseer  
  194  8:49  Zergling x10  
  196  8:57  Ultralisk Cavern  
  196  8:58  Zergling x8  
  199  9:13  Zergling x4  
  200  9:23  Zergling x8  
  200  9:27  Zergling x2  
  200  9:28  Zergling x12  
  198  9:33  Zergling x8  
  198  9:37  Baneling x6  
  198  9:42  Drone x3  
  198  9:45  Chitinous Plating  
  188  9:54  Hatchery  
  188  9:55  Zergling x36  
  188  9:57  Zergling x6  
  197  10:00  Zergling x8  
  197  10:01  Baneling x14  
  200  10:08  Spore Crawler  
  200  10:13  Baneling x10  
  199  10:14  Drone, Hatchery  
  199  10:18  Drone  
  200  10:27  Burrow  
  200  10:28  Queen  
  196  10:33  Zerg Melee Weapons Level 2  
  196  10:34  Zerg Missile Weapons Level 3  
  195  10:36  Overseer x2  
  195  10:39  Zergling x2  
  195  10:40  Zergling x8  
  196  10:54  Zergling x18  
  196  10:55  Zergling x8  
  192  10:59  Zergling x4  
  192  11:00  Zergling x22  
  197  11:04  Anabolic Synthesis  
  197  11:08  Ultralisk  
  187  11:11  Zerg Ground Armor Level 3  
  187  11:12  Baneling x15  
  183  11:27  Drone x2  
  183  11:28  Drone  
  183  11:32  Hydralisk Den  
  185  11:34  Drone x2  
  185  11:37  Drone x2  
  185  11:39  Drone x2  
  190  11:41  Baneling  
  190  11:46  Hatchery  
  184  11:49  Zergling x30  
  185  11:57  Zergling x32  
  194  12:01  Grooved Spines  
  194  12:04  Zergling x2  
  194  12:05  Zergling x10  
  194  12:07  Infestor  
  200  12:09  Baneling x8  
  189  12:31  Zergling x10  
  189  12:32  Zergling x28  
  189  12:36  Zergling x2, Ultralisk  
  200  12:43  Baneling  
  200  12:44  Baneling x11  
  199  12:49  Infestor  
  199  12:51  Muscular Augments  
  199  12:53  Baneling x11  
  198  13:03  Zergling x2  
  199  13:07  Baneling x5  
  199  13:19  Zerg Melee Weapons Level 3  
  195  13:28  Zergling x24  
  195  13:31  Baneling x4  
  199  13:35  Baneling x4  
  199  13:36  Baneling x5  
  199  13:40  Zergling x2  
  192  13:55  Hydralisk x8  
  182  13:59  Baneling x11  
  197  14:13  Hatchery  
  197  14:14  Zergling x14  
  199  14:17  Baneling x12  
  196  14:24  Lurker Den  
  196  14:27  Zergling x18  
  198  14:37  Zergling x2  
  179  14:53  Zergling x36  
  179  14:54  Zergling x6  
  186  15:01  Hydralisk x3  
  186  15:02  Zergling x24  
  186  15:05  Baneling x14  
  186  15:06  Baneling x5  
  197  15:07  Infestor  
  199  15:19  Overseer  
  199  15:27  Seismic Spines  
  199  15:32  Zergling x2  
  199  15:35  Unknown  
  199  15:41  Spore Crawler  
  194  15:52  Zergling x2  
  194  15:53  Zergling x24  
  191  15:57  Zergling x20  
  200  16:07  Baneling x2  
  200  16:08  Baneling x9  
  200  16:10  Baneling x14  
  200  16:11  Infestor  
  199  16:24  Adaptive Talons  
  187  16:29  Zergling x14  
  187  16:30  Zergling x30  
  192  16:34  Zergling x24  
  198  16:43  Zergling x4  
  199  16:54  Zergling x22  
  200  16:59  Baneling x7  
  199  17:08  Zergling x4  
  196  17:18  Zergling x26  
Show
View Real Time Build Order
Export as new Build Order

ByuN Terran 

Build Orders: Command Center First, Hellion Banshee 

Get SALT Encoding   

  12  0:00  SCV  
  13  0:12  SCV  
  14  0:17  Supply Depot  
  14  0:24  SCV  
  15  0:39  SCV  
  16  0:51  SCV  
  17  0:58  Command Center  
  17  1:03  SCV  
  18  1:12  Barracks  
  18  1:15  SCV  
  19  1:20  Refinery  
  19  1:27  SCV  
  19  1:29  Refinery  
  20  1:39  SCV  
  21  1:51  SCV  
  22  1:58  Marine  
  23  2:03  Orbital Command  
  23  2:07  Factory  
  23  2:12  Orbital Command  
  23  2:17  Barracks Reactor  
  23  2:24  Supply Depot  
  23  2:29  SCV  
  24  2:38  SCV  
  24  2:41  SCV  
  26  2:50  SCV  
  27  2:51  Starport  
  27  2:53  SCV  
  27  2:58  Hellion  
  30  2:59  Hellion, Barracks Tech Lab  
  30  3:03  SCV  
  30  3:04  Supply Depot  
  34  3:05  SCV  
  34  3:15  SCV  
  34  3:17  SCV  
  36  3:21  Hellion x2  
  40  3:30  SCV x2  
  40  3:34  Banshee, Cloaking Field  
  42  3:36  Barracks Tech Lab  
  42  3:38  Supply Depot  
  45  3:43  Hellion x2  
  45  3:46  SCV  
  45  3:47  SCV  
  51  3:55  Stimpack  
  51  3:56  Marine  
  51  3:59  SCV x2  
  54  4:04  Hellion x2  
  58  4:11  Supply Depot, SCV x2  
  60  4:21  Command Center  
  60  4:23  SCV x2  
  62  4:32  Banshee, Marine  
  66  4:39  Barracks  
  66  4:40  Barracks, Factory Reactor, SCV x2  
  68  4:48  Engineering Bay  
  68  4:50  Engineering Bay, Marine, Refinery  
  70  4:52  SCV  
  70  4:56  Supply Depot  
  70  5:15  Barracks  
  70  5:16  Barracks, Terran Infantry Weapons Level 1, Terran Infantry Armor Level 1  
  70  5:17  SCV  
  70  5:18  SCV  
  72  5:25  Starport Reactor  
  72  5:27  Supply Depot  
  72  5:29  Marine  
  72  5:30  Marine, SCV x2  
  76  5:35  Factory Reactor  
  76  5:36  Marine  
  76  5:37  Marine x2  
  76  5:42  Refinery  
  79  5:43  SCV x2  
  79  5:44  Armory  
  79  5:45  Supply Depot  
  79  5:47  Marine  
  79  5:48  Marine  
  83  5:54  Marine x3  
  86  5:59  SCV x2  
  86  6:02  Siege Tank, Medivac x2  
  95  6:05  Marine  
  95  6:09  Orbital Command  
  97  6:11  SCV  
  97  6:12  SCV  
  97  6:14  Barracks Reactor  
  97  6:16  Barracks Reactor  
  98  6:24  SCV x2  
  98  6:25  Marine x4, Supply Depot  
  101  6:29  Marine  
  101  6:32  Combat Shield  
  105  6:36  SCV x3  
  105  6:39  Supply Depot  
  108  6:40  Supply Depot  
  105  6:48  SCV x3  
  105  6:52  Marine x8  
  105  6:53  Marine  
  117  7:01  Siege Tank, SCV x3  
  123  7:02  Supply Depot  
  123  7:04  Supply Depot  
  123  7:05  Medivac x2  
  127  7:11  Factory  
  127  7:13  SCV x3  
  127  7:15  Refinery  
  130  7:24  Marine x4  
  130  7:25  Marine x5  
  130  7:26  Terran Infantry Weapons Level 2  
  139  7:38  Terran Infantry Armor Level 2, Command Center, Supply Depot x2  
  139  7:45  Drilling Claws  
  139  7:46  Widow Mine  
  139  7:48  Marine x6  
  139  7:49  Marine  
  139  7:50  Marine  
  149  7:57  Supply Depot  
  149  7:58  SCV, Supply Depot  
  149  7:59  Marine  
  149  8:00  Terran Vehicle And Ship Armor Level 1, SCV  
  149  8:03  Factory Reactor  
  149  8:05  SCV  
  152  8:09  Barracks x2  
  152  8:10  Barracks, SCV  
  152  8:12  SCV  
  154  8:16  Marine x2  
  154  8:17  Marine x3  
  154  8:18  Marauder  
  161  8:20  Widow Mine  
  163  8:28  SCV x2  
  163  8:31  SCV  
  163  8:32  Marine x3  
  169  8:34  Marine  
  169  8:39  Marauder  
  169  8:40  SCV x2  
  174  8:42  Widow Mine  
  174  8:44  SCV  
  176  8:52  Command Center, SCV  
  177  8:59  SCV  
  177  9:00  Barracks Tech Lab x2  
  177  9:01  Barracks Tech Lab, SCV  
  179  9:03  Refinery  
  179  9:04  SCV  
  180  9:11  SCV  
  180  9:15  Marauder, Marine x6  
  188  9:17  Marine x2  
  188  9:21  Widow Mine x2  
  188  9:23  Marauder  
  194  9:24  Marauder x2  
  194  9:27  SCV x3  
  177  9:36  Marauder  
  172  9:39  SCV x3  
  172  9:42  Medivac x2  
  168  9:49  Terran Infantry Weapons Level 3  
  168  9:51  SCV x3  
  157  9:58  Marauder x2  
  157  9:59  Marauder  
  152  10:03  SCV x3  
  155  10:11  Terran Infantry Armor Level 3  
  155  10:12  Orbital Command  
  155  10:15  SCV x2  
  155  10:17  SCV  
  158  10:22  Widow Mine  
  158  10:23  Widow Mine  
  158  10:24  Medivac x2  
  158  10:27  SCV  
  158  10:28  SCV  
  168  10:29  SCV  
  169  10:39  SCV  
  169  10:40  Marauder, SCV  
  169  10:41  SCV, Marauder x2  
  178  10:44  Marauder  
  178  10:52  SCV x2  
  178  10:53  SCV  
  178  10:54  Marine  
  178  10:55  Marine x3  
  178  10:56  SCV  
  171  10:59  Widow Mine x2  
  171  11:02  Marauder x3  
  171  11:04  SCV x2  
  148  11:05  SCV  
  148  11:08  SCV  
  142  11:16  SCV x2  
  142  11:17  SCV  
  145  11:21  Medivac x2, Marauder  
  145  11:23  Marauder  
  153  11:28  Marauder x2  
  153  11:29  Orbital Command, Widow Mine x2  
  153  11:30  SCV  
  153  11:31  SCV x3  
  165  11:32  Marine  
  165  11:33  Marine x4  
  165  11:35  Marine x2  
  165  11:36  Marine  
  165  11:38  Concussive Shells  
  173  11:42  Marine  
  173  11:44  Marine  
  169  11:49  Widow Mine, Marauder, Marine  
  169  11:50  Marine  
  169  11:51  Marine x3, Widow Mine  
  169  11:52  Marine  
  169  11:53  Marine  
  169  11:54  Marine  
  176  11:55  Marine  
  176  11:59  Widow Mine  
  176  12:00  Marauder  
  182  12:02  Marauder  
  182  12:04  SCV x2  
  182  12:05  SCV  
  182  12:07  Marauder  
  189  12:08  Marine x3  
  189  12:09  Marine, Ghost Academy  
  189  12:10  Marine  
  189  12:11  Marine  
  195  12:17  Orbital Command, Supply Depot x2  
  195  12:18  Supply Depot x2  
  195  12:23  Marauder  
  195  12:26  Marine, Widow Mine  
  195  12:28  Marauder  
  195  12:29  Marauder, Widow Mine x2  
  195  12:30  Marauder  
  195  12:35  Marine x2  
  195  12:36  Marine x3  
  189  12:38  Medivac x2  
  189  12:42  Marine x2  
  195  12:44  Marine  
  195  12:45  Marauder  
  195  12:46  SCV x2  
  200  12:53  Sensor Tower  
  200  13:09  Command Center  
  200  13:11  Command Center x2  
  195  13:30  Marauder x3  
  195  13:31  Marauder  
  195  13:33  Marine x7  
  178  13:34  Marine  
  178  13:35  Widow Mine x2  
  178  13:36  Widow Mine  
  178  13:38  Personal Cloaking  
  179  13:51  Ghost, Marauder x2  
  179  13:52  Marauder  
  160  13:56  Widow Mine x2, Medivac  
  160  13:57  SCV, Widow Mine  
  160  13:58  SCV  
  170  14:06  Sensor Tower  
  170  14:10  Marine  
  170  14:11  Marine x4  
  170  14:12  Ghost x2  
  170  14:13  Marauder  
  181  14:18  Widow Mine x2  
  181  14:20  Planetary Fortress, Marauder  
  181  14:22  Liberator  
  188  14:24  Orbital Command  
  188  14:26  Liberator  
  190  14:34  Marauder  
  190  14:38  Orbital Command  
  192  14:39  SCV x2  
  192  14:40  Ghost, SCV x2, Refinery x2  
  192  14:41  Marine x2  
  199  14:49  Marauder x2  
  184  14:54  SCV x2  
  184  14:55  Ghost  
  184  14:56  SCV x2  
  184  14:59  Marine x2  
  172  15:03  SCV x2  
  172  15:06  SCV x2  
  163  15:08  SCV x2, Marine x6  
  163  15:10  Medivac x2, Marauder x3  
  163  15:11  Widow Mine x2  
  163  15:12  Widow Mine  
  187  15:15  SCV  
  187  15:16  Marine x2  
  190  15:24  Marauder  
  190  15:26  Marine x3  
  195  15:30  Ghost  
  195  15:31  Ghost  
  195  15:32  Missile Turret  
  199  15:37  Missile Turret  
  199  15:40  Missile Turret  
  199  15:44  Widow Mine  
  193  15:52  Marauder x2  
  193  15:54  Widow Mine  
  193  15:55  Widow Mine  
  182  15:59  Ghost x2  
  182  16:03  Medivac x2  
  190  16:05  SCV  
  190  16:06  Widow Mine, SCV x2  
  190  16:07  Starport  
  190  16:09  Starport  
  195  16:13  Ghost x2  
  199  16:21  Missile Turret  
  199  16:24  Missile Turret  
  193  16:27  Ghost  
  193  16:30  Widow Mine, Marine x2  
  193  16:31  Ghost  
  181  16:34  SCV x2  
  181  16:36  SCV  
  182  16:41  Ghost x2  
  182  16:42  SCV x3  
  182  16:46  SCV  
  189  16:54  Marine x7  
  151  16:56  Ghost, SCV x2  
  151  16:57  Marine  
  151  16:59  Ghost  
  164  17:10  Marine x2  
  164  17:11  Marine  
  164  17:12  Marine x3  
  164  17:13  Marine x2  
  161  17:16  Marine  
  161  17:17  Widow Mine  
  161  17:20  Marine  
Tags
 
Add a new tag
Caveats
  • Supply blocks, unpowered buildings, or Contaminate may cause inaccurate times.
  • Supply counts are checked every 10 seconds.